 Dungeon Crawl Stone Soup version 0.24.0-123-gd5b16e6ec5 (webtiles) character file.

Game seed: 8447284443136502521, levelgen mode: deterministic

77 Delamore the Chopper (level 4, -1/35 HPs)
             Began as a Formicid Fighter on Jan 26, 2020.
             Slain by Natasha (5 damage)
             ... on level 3 of the Dungeon.
             The game lasted 00:01:29 (2006 turns).

Delamore the Chopper (Formicid Fighter)             Turns: 2006, Time: 00:01:30

Health: -1/35      AC:  6    Str: 21    XL:     4   Next: 60%
Magic:  4/4        EV:  9    Int:  8    God:
Gold:   146        SH:  4    Dex: 10    Spells: 3/3 levels left

rFire    . . .     SeeInvis +   a - +0 war axe
rCold    . . .     Gourm    .   p - +0 buckler
rNeg     . . .     Faith    .   b - +0 scale mail
rPois    .         Spirit   .   (helmet unavailable)
rElec    .         Reflect  .   (no cloak)
rCorr    .         Harm     .   (no gloves)
MR       .....                  (no boots)
Stlth    ..........             (no amulet)
HPRegen  0.11/turn              (no ring)
MPRegen  0.09/turn              (no ring)

@: no status effects
A: permanent stasis, dig shafts and tunnels, four strong arms, antennae 3
a: Dig, Shaft Self


You were on level 3 of the Dungeon.
You were hungry.

You visited 1 branch of the dungeon, and saw 3 of its levels.

You collected 146 gold pieces.

Inventory:

Hand Weapons
 a - a +0 war axe (weapon)
Armour
 b - a +0 scale mail (worn)
 c - a +0 shield
 p - a +0 buckler (worn)
Scrolls
 e - 3 scrolls of teleportation {unknown}
 g - a scroll of blinking {unknown}
 h - 2 scrolls of identify {unknown}
 k - a scroll of fog {unknown}
 l - a scroll of immolation {unknown}
 m - 2 scrolls of remove curse {unknown}
 o - 3 scrolls of amnesia {unknown}
 q - a scroll of fear {unknown}
 u - a scroll of random uselessness {unknown}
Potions
 d - a potion of might
 i - 2 potions of lignification {unknown}
 j - a potion of degeneration {unknown}
 n - a potion of brilliance {unknown}
 r - 2 potions of haste {unknown}
 s - a potion of agility {unknown}
 t - a potion of curing {unknown}
 w - a potion of magic {unknown}
Comestibles
 f - 5 rations
 v - a chunk of flesh


   Skills:
 - Level 3.2 Fighting
 + Level 4.4 Axes
 - Level 3.2 Armour
 - Level 3.6 Shields


You had 3 spell levels left.
You didn't know any spells.
Your spell library was empty.

Dungeon Overview and Level Annotations

Branches:
Dungeon (3/15)

Altars:
Fedhas
Kikubaaqudgha
Makhleb
Nemelex Xobeh

Annotations:
D:3 Natasha


Innate Abilities, Weirdness & Mutations

You cannot be hasted, slowed, berserked, paralysed or teleported.
You can dig through walls and to a lower floor.
Your four strong arms can wield two-handed weapons with a shield.
You have a pair of large antennae on your head. (SInv)


Message History

You hit Natasha but do no damage.
Natasha is moderately wounded.
You block Natasha's attack.
You barely miss Natasha.
Natasha is moderately wounded.
Natasha claws you!
* * * LOW HITPOINT WARNING * * *
You closely miss Natasha.
Natasha is moderately wounded.
The crimson imp summons a swarm of flies.
Natasha claws you.
* * * LOW HITPOINT WARNING * * *
Your scale mail prevents you from hitting Natasha.
Natasha is moderately wounded.
The crimson imp disappears in a puff of smoke!
Natasha casts a spell at you. The magic dart hits you.
* * * LOW HITPOINT WARNING * * *
Natasha claws you.
You die...

........####.........####...####.
###........'.........'.>.........
# #.#...####.........####....###.
# #.#>.## ##......>## #........ #
#.#.## ##..<..## ####.####
###.#.# ##.ยง.## #.# ......#
##5## #.# ###.### #h# #.# #.# #@#
#.# #.######## ##.## #.#
#.#......####...## #.#
#.#.......##.###.#########.#
#.........##.# #...........#
###.###...##.###.###########
#.###...###...## #..........###.#
#.#####.###.#.##


You could see Natasha and a crimson imp.

Vanquished Creatures
  Natasha (D:3)
  An adder (D:3)
  2 dart slugs
  A worm (D:2)
  2 leopard geckos (D:2)
  2 bats
  4 giant cockroaches
  2 goblins (D:1)
  3 hobgoblins
  6 jackals
  4 frilled lizards
  4 kobolds
  2 rats
34 creatures vanquished.

Notes
Turn   | Place    | Note
-------+----------+-------------------------------------------
     0 | D:1      | Delamore the Formicid Fighter began the quest for the Orb.
     0 | D:1      | Reached XP level 1. HP: 18/18 MP: 1/1
   235 | D:1      | Reached XP level 2. HP: 24/24 MP: 2/2
   446 | D:2      | Reached skill level 3 in Axes
   637 | D:2      | Reached XP level 3. HP: 26/29 MP: 3/3
  1162 | D:2      | Found a burning altar of Makhleb.
  1165 | D:2      | Found a sparkling altar of Nemelex Xobeh.
  1168 | D:2      | Found a blossoming altar of Fedhas.
  1575 | D:3      | Reached skill level 4 in Axes
  1575 | D:3      | Reached XP level 4. HP: 29/35 MP: 4/4
  1715 | D:3      | Noticed Natasha
  1722 | D:3      | Killed Natasha
  1756 | D:3      | Found an ancient bone altar of Kikubaaqudgha.
  1991 | D:3      | Noticed Natasha
  2006 | D:3      | Slain by Natasha

Levels and vault maps discovered:
D:1:      arrival_zaba_pyramid, layout_rooms
D:2:      layout_basic, grunt_temple_overflow_diamond, glass_columns_a,
          minivault_23
D:3:      layout_loops_corners, kiku_gazebo_pond_becter,
          minmay_stone_trees_small, uniq_natasha

Skill      XL: |  1  2  3 |
---------------+----------+-----
Axes           | 3 4 |  4.4
Fighting       | |  3.2
Armour         | |  3.2
Shields        | |  3.6

Action                   |  1- 3 |  4- 6 || total
-------------------------+-------+-------++-------
Melee: War axe           |    85 |    19 ||   104
  Eat: Chunk             |     2 |     1 ||     3
Armor: Scale mail        |    34 |       ||    34
Dodge: Dodged            |    29 |     7 ||    36
Block: Shield            |    31 |       ||    31
       Buckler           |     7 |     3 ||    10
